 Dungeon Crawl Stone Soup version 0.14.1 (webtiles) character file.

41 MirrMurr the Magician (level 2, -6/11 HPs)
             Began as a Felid Wizard on Apr 28, 2014.
             Mangled by a gnoll
             ... wielding a +0,+0 whip
              (10 damage)
             ... on Level 1 of the Dungeon.
             The game lasted 00:05:52 (2044 turns).

MirrMurr the Magician (Felid Wizard)                Turns: 2044, Time: 00:05:52

HP  -6/11        AC  1     Str  3      XL: 2   Next: 72%
MP   1/7         EV 17     Int 19      God:
Gold 18          SH  0     Dex 14      Spells:  2 memorised,  4 levels left
Lives: 0, deaths: 0

rFire  . . .     SeeInvis +     (weapon unavailable)
rCold  . . .     Clarity  .     (armour unavailable)
rNeg   . . .     Conserve .     (shield unavailable)
rPois  .         rCorr    .     (helmet unavailable)
rElec  .         rRot     .     (cloak unavailable)
SustAb . .       Spirit   .     (gloves unavailable)
rMut   .         Warding  .     (boots unavailable)
Saprov . . .     Stasis   .     (no amulet)
MR     .....                    (no ring)
                                (no ring)

@: quick, not resistant to hostile enchantments, stealthy
A: paw claws, no armour, no weapons or thrown items, fangs 3, see invisible,
carnivore 3, speed 1, shaggy fur 1, slow metabolism 1, jump 1
a: Jump Attack


You were on level 1 of the Dungeon.
You were very full.

You visited 1 branch of the dungeon, and saw 1 of its levels.

You collected 18 gold pieces.

Inventory:

Comestibles
 d - a meat ration
Scrolls
 b - a scroll of fear {unknown}
 g - a scroll of noise {unknown}
Potions
 a - 2 potions of curing {unknown}
 e - a potion of mutation {unknown}
 f - a potion of resistance {unknown}
Books
 c - a book of Minor Magic

   Spells                             Type                      Level
   *Magic Dart                        Conjuration                  1
   *Blink                             Translocation                2
   Call Imp                           Summoning                    2
   Repel Missiles                     Charms/Air                   2
   Slow                               Hexes                        2
   Conjure Flame                      Conjuration/Fire             3
   Mephitic Cloud                     Conjuration/Poison/Air       3


   Skills:
 - Level 2.6 Dodging
 - Level 2.6 Stealth
 - Level 3.0 Spellcasting
 + Level 2.5 Conjurations
   Level 1.0 Summonings
 - Level 1.5 Translocations


You had 4 spell levels left.
You knew the following spells:

 Your Spells              Type           Power        Failure   Level  Hunger
a - Magic Dart            Conj           ##..         8%          1    None
b - Blink                 Tloc           N/A          14%         2    ##.....


Dungeon Overview and Level Annotations

Branches:
Dungeon (1/15)

Altars:


Innate Abilities, Weirdness & Mutations

You cannot wear armour.
You are incapable of wielding weapons or throwing items.
Your paws have sharp claws.
You have razor-sharp teeth.
You have supernaturally acute eyesight.
You are carnivorous and can eat meat at any time.
You cover ground quickly.
You are covered in fur (AC +1).
You have a slow metabolism.
You can jump attack at a short distance.


Message History

You closely miss the gnoll.
The gnoll is severely wounded.
The gnoll closely misses you.
You scratch the gnoll but do no damage.
The gnoll is severely wounded.
The gnoll completely misses you.
You scratch the gnoll but do no damage.
The gnoll is severely wounded.
The gnoll hits you but does no damage.
You scratch the gnoll.
The gnoll begins to bleed from its wounds!
The gnoll is severely wounded.
The gnoll barely misses you.
You scratch the gnoll but do no damage.
The gnoll is severely wounded.
You scratch the gnoll but do no damage.
The gnoll is severely wounded.
The gnoll hits you with an uncursed whip!
Ouch! That really hurt!
You die...

#####.#.#.##### #.#
#####.#.......# #.#
........#.###.# #.#
.####.#.#.# #.# #.# .#
#.#.#.###.###.# ##
#.#.#........>#
#.#.#####.#####
#####.#...........####
.....[..#####..g@>...#
#####...# ###.)#####.#
#...# #....# #g#
#####...###....# #.#
............##.# #.#
.####...###.##.#####(#
.##..........#.......#
.##.#...####.####.#.##
........# #.# #.#.#


You could see a gnoll (bleeding).

Vanquished Creatures
  2 giant geckos (D:1)
  2 goblins (D:1)
  6 hobgoblins (D:1)
  A kobold (D:1)
  5 bats (D:1)
  2 giant newts (D:1)
  2 rats (D:1)
20 creatures vanquished.

Notes
Turn   | Place    | Note
--------------------------------------------------------------
     0 | D:1      | MirrMurr, the Felid Wizard, began the quest for the Orb.
     0 | D:1      | Reached XP level 1. HP: 7/7 MP: 5/5
    56 | D:1      | Reached skill level 1 in Conjurations
   470 | D:1      | Reached XP level 2. HP: 7/11 MP: 0/7
   474 | D:1      | Learned a level 2 spell: Blink
  2044 | D:1      | Mangled by a gnoll

Action                   || total
-------------------------++-------
Melee: Unarmed           ||    67
 Cast: Magic Dart        ||    80
